 Dungeon Crawl Stone Soup version 0.29-a0-322-g68df515428 (webtiles) character file.

Game seed: 7526921241428537329

1118 Ijustatesigmund the Destroyer (level 8, -6/69 HPs)
             Began as a Tengu Conjurer on Apr 7, 2022.
             Mangled by a vampire (9 damage)
             ... on level 6 of the Dungeon.
             The game lasted 00:20:17 (8014 turns).

Ijustatesigmund the Destroyer (Tengu Conjurer)      Turns: 8014, Time: 00:20:18

Health: -6/69      AC: 24    Str:  9    XL:     8   Next: 34%
Magic:  9/13       EV:  2    Int: 21    God:
Gold:   282        SH:  4    Dex: 13    Spells: 6/13 levels left

rFire   . . .      SeeInvis .   e - +1 falchion (flame)
rCold   + . .      Faith    .   t - +0 buckler
rNeg    . . .      Spirit   .   (body armour currently unavailable)
rPois   +          Reflect  .   (helmet currently unavailable)
rElec   .          Harm     .   (cloak currently unavailable)
rCorr   .          Rampage  .   (gloves currently unavailable)
Will    .....      NoTele   +   (boots unavailable)
Stlth   ++........              k - amulet of the acrobat
HPRegen 0.21/turn               i - ring of protection from cold
MPRegen 0.13/turn               (no ring)

@: mighty, tree-form (expiring), on berserk cooldown, slowed, very slow
A: stationary, stasis, torment immunity, boosted hp, (beak), (talons 3), nimble
flight, (horns 1), strong 1, wild magic 1
a: no special abilities


You were on level 6 of the Dungeon.
You were a tree.
You visited 1 branch of the dungeon, and saw 6 of its levels.
You also visited: Sewer.

You collected 282 gold pieces.

Inventory:

Hand Weapons
 e - a +1 falchion of flaming (weapon)
Armour
 a - a +0 robe (melded)
 f - a +1 pair of gloves (melded)
 t - a +0 buckler (worn)
Jewellery
 i - a ring of protection from cold (left branch)
 k - an amulet of the acrobat (around neck)
 r - an amulet of magic regeneration
Wands
 n - a wand of digging (5)
 p - a wand of mindburst (8)
Scrolls
 s - 2 scrolls of identify
 u - a scroll of fog
Potions
 b - 2 potions of magic
 c - 3 potions of cancellation
 g - a potion of brilliance {unknown}
 h - 2 potions of curing
 o - a potion of attraction


   Skills:
 - Level 3.2 Fighting
 - Level 5.0 Dodging
 - Level 2.0 Stealth
 + Level 1.6 Shields
 - Level 3.1 Spellcasting
 + Level 8.8 Conjurations
 - Level 2.0 Hexes
 - Level 3.5 Necromancy


You had 6 spell levels left.
You knew the following spells:

 Your Spells              Type           Power      Damage    Failure   Level
a - Magic Dart            Conj           100%       1d8       1%          1
b - Searing Ray           Conj           100%       2d8       1%          2
c - Dazzling Flash        Conj/Hex       68%        N/A       9%          3
d - Pain                  Necr           92%        1d8       7%          1

Your spell library contained the following spells:

 Spells                   Type           Power      Damage    Failure   Level
 Static Discharge         Conj/Air       28%        N/A       7%          2
 Slow                     Hex            60%        N/A       12%         1
 Vampiric Draining        Necr           23%        2d7       17%         3
 Freeze                   Ice            16%        1d4       24%         1
 Fulminant Prism          Conj/Hex       17%        3d11      26%         4
 Confusing Touch          Hex            15%        N/A       30%         3
 Hailstorm                Conj/Ice       28%        3d8       36%         4
 Iskenderun's Mystic Bla  Conj/Tloc      28%        2d7       36%         4
 Frozen Ramparts          Ice            8%         1d2       54%         3
 Gell's Gravitas          Tloc           4%         N/A       54%         3
 Lesser Beckoning         Tloc           4%         N/A       54%         3
 Teleport Other           Tloc           4%         N/A       54%         3
 Lightning Bolt           Conj/Air       14%        1d27      69%         5
 Agony                    Necr           23%        N/A       82%         5
 Excruciating Wounds      Necr           11%        N/A       82%         5
 Maxwell's Capacitive Co  Air            2%         ∞         100%        8


Dungeon Overview and Level Annotations

Branches:
Dungeon (6/15)              Sewer (visited)
 Temple: D:4-7

Altars:
Wu Jian

Shops:
D:3 (


Innate Abilities, Weirdness & Mutations

You are a tree.
Your roots penetrate the ground, keeping you stationary.
You cannot be teleported.
You are immune to unholy pain and torment.
Your maximum health is greatly increased.
Your equipment is partially melded.
((You have a beak for a mouth.))
((You have claws for feet.))
Your magical nature lets you fly swiftly and evasively.
((You have a pair of small horns on your head.))
Your muscles are strong. (Str +2)
Your spells are a little harder to cast, but a little more powerful.


Message History

You hit something but do no damage. Something hits you but does no damage.
Something bites you but does no damage.
You feel less attractive to monsters.
You hit something. You burn something. Something hits you.
* * * LOW HITPOINT WARNING * * *
Something bites you but does no damage. Something hits you.
* * * LOW HITPOINT WARNING * * *
Something bites you but does no damage.
You feel better. Something hits you but does no damage.
Something bites you but does no damage.
You feel better. Something hits you. Something bites you but does no damage.
It was a potion of berserk rage.
A red film seems to cover your vision as you go berserk!
You feel yourself moving faster!
You feel mighty! Something hits you but does no damage.
Something bites you but does no damage.
You miss something. Something hits you but does no damage.
Something bites you but does no damage.
You hit something. You burn something. Something draws life force from you!
You miss something. You miss something. Something hits you but does no damage.
Something bites you!
* * * LOW HITPOINT WARNING * * *
Something draws strength from your injuries!
You closely miss something. Something hits you but does no damage.
Something bites you but does no damage.
You hit something. You burn something. Something hits you!
* * * LOW HITPOINT WARNING * * *
Something bites you but does no damage.
You barely miss something. Something hits you.
* * * LOW HITPOINT WARNING * * *
Something bites you but does no damage.
You barely miss something. Something hits you but does no damage.
Something bites you but does no damage.
You barely miss something. Something hits you!
* * * LOW HITPOINT WARNING * * *
Something bites you but does no damage.
You miss something.
Your transformation is almost over.
You are no longer berserk.
You are exhausted.
You feel yourself slow down. Something hits you but does no damage.
Something bites you!
You die...

### #. ..# ... #.#
.... #.# #.# .....
###.####.###.)....
.........♣.......
#.........{...##.
#
#..####.###......
##.###..# #.#
.##...
#.......####.# #
.. #............#
. #..####.######
#..####.##
#........#


There were no monsters in sight!

Vanquished Creatures
  Duvessa (D:4)
  An ice beast (D:5)
  Pargi (Sewer)
  An ogre (D:5)
  A phantom (D:4)
  A bullfrog (D:4)
  2 scorpions
  Dowan (D:4)
  A hound (D:5)
  2 orc priests
  2 iguanas
  An orc wizard (D:6)
  10 adders
  5 gnolls
  A shadow imp (D:5)
  A white imp (D:6)
  An ufetubus (D:4)
  3 worms
  3 dart slugs
  9 orcs
  3 ball pythons
  3 bats
  10 endoplasms
  8 giant cockroaches
  5 goblins
  4 hobgoblins
  11 jackals
  8 quokkas
  7 frilled lizards
  7 kobolds
  11 rats
125 creatures vanquished.

Notes
Turn   | Place    | Note
-------+----------+-------------------------------------------
     0 | D:1      | Ijustatesigmund the Tengu Conjurer began the quest for the
                  | Orb.
     0 | D:1      | Reached XP level 1. HP: 10/10 MP: 4/4
   405 | D:1      | Reached XP level 2. HP: 15/15 MP: 3/6
   408 | D:1      | Learned a level 2 spell: Searing Ray
   817 | D:1      | Reached XP level 3. HP: 19/19 MP: 3/7
   978 | D:1      | Reached skill level 6 in Conjurations
  2063 | D:1      | Reached XP level 4. HP: 24/24 MP: 7/9
  2758 | D:2      | Reached skill level 1 in Fighting
  3123 | D:2      | Learned a level 3 spell: Dazzling Flash
  3126 | D:2      | Gained mutation: Your magical nature lets you fly swiftly
                  | and evasively. [Tengu growth]
  3126 | D:2      | Reached XP level 5. HP: 29/29 MP: 8/10
  3526 | D:3      | Found a glowing drain.
  3541 | Sewer    | Entered a sewer
  3616 | Sewer    | Reached skill level 7 in Conjurations
  3677 | Sewer    | Noticed Pargi
  3687 | Sewer    | Killed Pargi
  3688 | Sewer    | Reached skill level 1 in Hexes
  3688 | Sewer    | Reached XP level 6. HP: 36/36 MP: 3/11
  4008 | D:3      | Found Haggeg's Weapon Shoppe.
  5022 | D:4      | Reached skill level 8 in Conjurations
  5022 | D:4      | Reached XP level 7. HP: 41/41 MP: 5/12
  5338 | D:4      | Learned a level 1 spell: Pain
  5521 | D:4      | Reached skill level 1 in Necromancy
  5677 | D:4      | Noticed Duvessa
  5694 | D:4      | Killed Duvessa
  5697 | D:4      | Noticed Dowan
  5952 | D:4      | Killed Dowan
  6147 | D:5      | Entered Level 5 of the Dungeon
  6462 | D:5      | Found an ornate altar of the Wu Jian Council.
  6568 | D:5      | Reached XP level 8. HP: 36/46 MP: 2/13
  7328 | D:5      | Reached skill level 5 in Dodging
  7756 | D:6      | Reached skill level 1 in Shields
  7923 | D:6      | Noticed a vampire
  7992 | D:6      | Gained mutation: Your spells are a little harder to cast,
                  | but a little more powerful. [potion of mutation]
  7992 | D:6      | Gained mutation: You have a pair of small horns on your
                  | head. [potion of mutation]
  7992 | D:6      | Gained mutation: Your muscles are strong. (Str +2) [potion
                  | of mutation]
  8013 | D:6      | HP: 4/103 [something (10)]
  8014 | D:6      | Mangled by a vampire

Illustrated notes

Levels and vault maps discovered:
D:1:      dpeg_arrival_leaves_temple_mockup, layout_loops_ring,
          minmay_tiny_reverse_x
D:2:      layout_basic
D:3:      layout_basic, serial_shops,
          nicolae_shop_temple_entry_statues_fountains, portal_sewer_entry_a,
          kennysheep_path_1
D:4:      layout_rooms, uniq_duvessa
D:5:      layout_layer_cave, nicolae_wu_jian_wuxing_cycle
D:6:      layout_loops_ring, minivault_19

Skill      XL: |  1  2  3  4  5  6  7  8 |
---------------+-------------------------+-----
Conjurations   | 6 7 8 |  8.8
Spellcasting   | 3 |  3.1
Fighting       | 1 2 3 |  3.2
Hexes          | 1 2 |  2.0
Dodging        | 4 5 |  5.0
Necromancy     | 3 |  3.5
Shields        | 1 |  1.6
Stealth        | |  2.0

Action                   |  1- 3 |  4- 6 |  7- 9 || total
-------------------------+-------+-------+-------++-------
Melee: Unarmed           |     1 |       |       ||     1
       Short sword       |       |     1 |       ||     1
       Falchion          |       |       |    31 ||    31
       Kick              |       |       |     3 ||     3
       Peck              |       |       |     1 ||     1
 Cast: Magic Dart        |    70 |   122 |    69 ||   261
       Searing Ray       |     2 |     8 |    13 ||    23
       Dazzling Flash    |       |     2 |     3 ||     5
Evoke: Wand              |       |       |     1 ||     1
  Use: Scroll            |     3 |     7 |     5 ||    15
       Potion            |       |       |    10 ||    10
Armor: Robe              |     3 |     3 |     4 ||    10
       Skin              |       |       |    52 ||    52
Dodge: Dodged            |    21 |    24 |    46 ||    91
Block: Buckler           |       |       |     2 ||     2

Table legend: (Time is in decaauts)
 A = Elapsed time spent in this place.
 B = Non-inter-level travel time spent in this place.
 C = Inter-level travel time spent in this place.
 D = Time resting spent in this place.
 E = Time spent auto-exploring this place.
 F = Levels seen in this place.
 G = Mean time per level.
                   A        B        C        D        E       F      G
               +--------+--------+--------+--------+--------+-----+--------+
         Total |   7798 |   7716 |     82 |   3432 |   3374 |   7 | 1114.0 |
       Dungeon |   7554 |   7472 |     82 |   3368 |   3284 |   6 | 1259.0 |
         Sewer |    244 |    244 |      0 |     64 |     90 |   1 |  244.0 |
               +--------+--------+--------+--------+--------+-----+--------+

Top non-repeatable levels by time:
     D:1: 2290 daAuts
     D:5: 1369 daAuts
     D:4: 1308 daAuts
     D:3: 1228 daAuts
     D:2: 970 daAuts
     D:6: 387 daAuts
   Sewer: 244 daAuts
